cohdb
Replays
Latest Replays
All Replays
Popular Replays
Top Player Replays
Match Explorer
How It Works
Community
CoH3 Stats
Reddit
Sign in to upload your games and track your stats! →
Sign in with Steam
Match 40936904
Unlisted
Match 40936904
Overview
Messages
Build Orders
End
Construct Infanterie Kompanie
Selects Breakthrough Battlegroup
Selects Assault Grenadiers
Pioneer Squad
Grenadier Squad
MG 42 Machine Gun Team
Grenadier Squad
GrW 34 Mortar Team
Infanterie Officer Quarters
Construct Panzergrenadier Kompanie
Pak 40 Anti-tank Gun Team
Selects Breakthrough
Selects Mechanized Assault Group
Mechanized Assault Group
Construct Panzer Kompanie
Selects Rapid Production
Stoßtruppen Squad
Pak 40 Anti-tank Gun Team
Panzer IV Medium Tank
Selects Blitzkrieg
Selects Tiger Heavy Tank
Tiger Heavy Tank
Panzer Officer Quarters
Side Skirts
FutureNP
CAuMOH
Pie-Eater
PaNiC
0
0
Comments
sign in to comment!
No comments posted yet!